 Dungeon Crawl Stone Soup version 0.30-a0-166-g5d06c95188 (webtiles) character file.

Game seed: 12659791521229922889

1718 Decritt the Digger (level 9, 0/54 HPs)
             Began as a Gargoyle Earth Elementalist on Sept 29, 2022.
             Slain by a troll (10 damage)
             ... on level 5 of the Dungeon.
             The game lasted 00:18:23 (5806 turns).

Decritt the Digger (Gargoyle Earth Elementalist)    Turns: 5806, Time: 00:18:24

Health: 0/54       AC:  9    Str: 12    XL:     9   Next: 4%
Magic:  13/15      EV: 12    Int: 20    God:
Gold:   202        SH:  0    Dex: 10    Spells: 10/16 levels left

rFire   . . .      SeeInvis +    m - +7 club (spect)
rCold   . . .      Faith    .    (no shield)
rNeg    + . .      Spirit   .    a - +1 robe
rPois   ∞          Reflect  .    (no helmet)
rElec   +          Harm     .    (no cloak)
rCorr   .          Rampage  .    (no gloves)
Will    .....                    (no boots)
Stlth   ++........               (no amulet)
HPRegen 0.18/turn                g - ring of flight
MPRegen 0.14/turn                h - ring of see invisible

@: flying
A: sickness immunity, AC +6, negative energy resistance 1, electricity
resistance, torment resistance 1, petrification resistance
a: no special abilities


You were on level 5 of the Dungeon.
You visited 1 branch of the dungeon, and saw 5 of its levels.

You collected 202 gold pieces.

Inventory:

Hand Weapons
 m - a +7 spectral club (weapon)
Missiles
 l - a poisoned dart
Armour
 a - a +1 robe (worn)
 o - a +0 leather armour
Magical Staves
 p - a staff of death
Jewellery
 g - a ring of flight (left hand)
 h - a ring of see invisible (right hand)
 s - an amulet of faith
Wands
 u - a wand of mindburst (21)
Scrolls
 c - 2 scrolls of teleportation
 d - a scroll of noise
 j - a scroll of amnesia
 k - a scroll of enchant armour
Potions
 b - a potion of magic
 e - 2 potions of resistance
 f - 3 potions of brilliance
 i - 7 potions of curing
 n - 2 potions of mutation {unknown}
 q - a potion of invisibility {unknown}
 t - a potion of degeneration {unknown}
 v - a potion of flight {unknown}
 z - a potion of haste {unknown}


   Skills:
 + Level 5.1 Fighting
 + Level 3.3 Maces & Flails
 + Level 4.0 Armour
 + Level 3.1 Dodging
 - Level 2.2 Stealth
 - Level 4.0 Spellcasting
 + Level 4.0 Conjurations
 - Level 0.7 Transmutations
 + Level 7.4 Earth Magic


You had 10 spell levels left.
You knew the following spells:

 Your Spells              Type           Power      Damage    Failure   Level
a - Sandblast             Erth           66%        2d15      1%          1
b - Stone Arrow           Conj/Erth      54%        3d10      3%          3
c - Passwall              Tmut/Erth      16%        N/A       3%          2

Your spell library contained the following spells:

 Spells                   Type           Power      Damage    Failure   Level
 Apportation              Tloc           8%         N/A       13%         1
 Petrify                  Tmut/Erth      20%        N/A       24%         4
 Alistair's Intoxication  Tmut/Pois      3%         N/A       97%         5


Dungeon Overview and Level Annotations

Branches:
Dungeon (5/15)
 Temple: D:4-7

Altars:
Gozag
Makhleb
Ru
Sif Muna
Yredelemnul

Shops:
D:1 *   D:2 =


Innate Abilities, Weirdness & Mutations

You are immune to sickness and miasma.
Your stone body is resilient. (AC +6)
You are immune to poison.
You resist negative energy. (rN+)
You are resistant to electric shocks. (rElec)
You are resistant to unholy torment.
You are immune to petrification.


Message History

Press: ? - help, Shift-Dir - straight line, f - hound
Aim: a hound (lightly wounded, 78% to hit)
The blast of sand hits the hound!
The hound is almost dead.
The hound bites you. x2
Casting: Sandblast (safe; 1% risk of failure)
Confirm with . or Enter, or press ? or * to list all spells.
Aiming: Sandblast (safe; 1% risk of failure)
Press: ? - help, Shift-Dir - straight line, f/p - hound
Aim: a hound (almost dead, 78% to hit)
The blast of sand hits the hound!
You kill the hound!
A scorpion is nearby!
A scorpion is nearby!
A scorpion is nearby!
Found 17 gold pieces and a large pearl ring.
You start resting.
Magic restored.
You sock the troll!
The troll is moderately wounded.
The troll barely misses you. The troll claws you!
The troll claws you but does no damage.
Casting: Sandblast (safe; 1% risk of failure)
Confirm with . or Enter, or press ? or * to list all spells.
Aiming: Sandblast (safe; 1% risk of failure)
Press: ? - help, Shift-Dir - straight line, f - troll
Aim: a troll (moderately wounded, 84% to hit)
The blast of sand misses the troll.
The troll bites you. The troll claws you. x2
Casting: Sandblast (safe; 1% risk of failure)
Confirm with . or Enter, or press ? or * to list all spells.
Aiming: Sandblast (safe; 1% risk of failure)
Press: ? - help, Shift-Dir - straight line, f/p - troll
Aim: a troll (lightly wounded, 84% to hit)
The blast of sand hits the troll.
The troll is moderately wounded.
The troll bites you!
* * * LOW HITPOINT WARNING * * *
The troll claws you!
* * * LOW HITPOINT WARNING * * *
The troll claws you!
You die...

#..#.♣.♣♣##...<.....# ##
#..########.####.##.#######
#...........####.##........
##.########.........#####>#
#.# #..#.#.########.# #.#
##.#########...... #.# #.##
#....##.##.. #.#
#######.88.#..#### #.#
#@...##.88.#.## #.#
#.T####.#....'.# #.#####..
#.#)###### #.....### #.#..#
####### ##.#.)## # #.####.#
#..###.# #.# #(s#.# #.#
#=$#.####.#


You could see a troll.

Vanquished Creatures
  Sigmund (D:5)
  Eustachio (D:4)
  Menkaure (D:5)
  3 black bears
  An ogre (D:5)
  2 phantoms
  2 kobold brigands
  A necrophage (D:4)
  A howler monkey (D:5)
  A hound (D:5)
  2 bullfrog zombies (D:5)
  A centaur zombie (D:5)
  2 jellies
  A gnoll bouda (D:3)
  Jessica (D:3)
  2 iguanas
  A scorpion zombie (D:5)
  2 hound zombies (D:5)
  5 gnolls
  5 adders
  6 worms
  9 orcs
  10 ball pythons
  7 endoplasms
  4 giant cockroaches
  7 goblins
  6 hobgoblins
  3 jackals (D:2)
  3 quokkas
  6 bats
  A frilled lizard (D:2)
  7 kobolds
  9 rats
  A butterfly (D:5)
115 creatures vanquished.

Notes
Turn   | Place    | Note
-------+----------+-------------------------------------------
     0 | D:1      | Decritt the Gargoyle Earth Elementalist began the quest for
                  | the Orb.
     0 | D:1      | Reached XP level 1. HP: 10/10 MP: 3/3
    64 | D:1      | Found Wyaka's General Store.
   158 | D:1      | Reached XP level 2. HP: 16/16 MP: 1/5
   159 | D:1      | Reached skill level 1 in Fighting
   394 | D:1      | Reached skill level 4 in Earth Magic
   592 | D:2      | Reached XP level 3. HP: 20/20 MP: 3/6
   621 | D:2      | Found Keozuoh's Jewellery Boutique.
  1286 | D:2      | Reached XP level 4. HP: 26/26 MP: 6/8
  1376 | D:2      | Learned a level 3 spell: Stone Arrow
  1379 | D:2      | Learned a level 2 spell: Passwall
  1745 | D:3      | Noticed Jessica
  1760 | D:3      | Killed Jessica
  1761 | D:3      | Reached skill level 1 in Conjurations
  1832 | D:3      | Noticed a black bear
  1845 | D:3      | Reached XP level 5. HP: 26/31 MP: 5/9
  1848 | D:3      | Killed a black bear
  1849 | D:3      | Reached skill level 5 in Earth Magic
  2164 | D:3      | Found a burning altar of Makhleb.
  2353 | D:4      | Noticed a black bear
  2365 | D:4      | Killed a black bear
  2366 | D:4      | Reached skill level 1 in Armour
  2366 | D:4      | Reached XP level 6. HP: 37/37 MP: 7/10
  2616 | D:4      | Found a shimmering blue altar of Sif Muna.
  2761 | D:4      | Noticed a black bear
  2776 | D:4      | Killed a black bear
  2777 | D:4      | Reached XP level 7. HP: 37/42 MP: 9/11
  3256 | D:3      | Reached skill level 1 in Maces & Flails
  3767 | D:4      | Reached skill level 6 in Earth Magic
  4072 | D:5      | Entered Level 5 of the Dungeon
  4072 | D:5      | Noticed Eustachio
  4660 | D:4      | Killed Eustachio
  4661 | D:4      | Reached XP level 8. HP: 41/48 MP: 13/13
  4945 | D:5      | Found a basalt altar of Yredelemnul.
  4967 | D:5      | Noticed Menkaure
  4976 | D:5      | Killed Menkaure
  5260 | D:5      | Reached skill level 7 in Earth Magic
  5323 | D:5      | Noticed Sigmund
  5328 | D:5      | Killed Sigmund
  5471 | D:5      | Found an opulent altar of Gozag.
  5516 | D:5      | Found a sacrificial altar of Ru.
  5632 | D:5      | Reached skill level 5 in Fighting
  5743 | D:5      | Noticed a troll
  5762 | D:5      | Reached XP level 9. HP: 54/54 MP: 12/15
  5806 | D:5      | Slain by a troll

Illustrated notes

Levels and vault maps discovered:
D:1:      lightli_arrival_chessboard, layout_basic, serial_shops,
          nicolae_square_shop, chequers_mini_garden, minivault_14
D:2:      layout_rooms, serial_shops, shop_statue
D:3:      layout_rooms, mainiacjoe_overflow_alcove_1, uniq_jessica
D:4:      wad_pebble_path, layout_basic, kennysheep_orc_sif_temple,
          columned_hall_lemuel
D:5:      minmay_chambers_of_fours, layout_loops_ring,
          mainiacjoe_overflow_cross_hatched, grunt_gozag_statues,
          nicolae_yredelemnul_corpse_copse, minmay_temple_entry_butterflies,
          bh_walls_and_bars, uniq_eustachio, uniq_sigmund, uniq_menkaure

Skill      XL: |  1  2  3  4  5  6  7  8 |
---------------+-------------------------+-----
Fighting       | 1 2 3 4 5 |  5.1
Earth Magic    | 4 5 6 7 |  7.4
Conjurations   | 1 2 3 4 |  4.0
Spellcasting   | 3 4 |  4.0
Armour         | 1 2 4 |  4.0
Maces & Flails | 2 3 |  3.3
Dodging        | 2 3 |  3.1
Stealth        | |  2.2
Transmutations | |  0.7

Action                   |  1- 3 |  4- 6 |  7- 9 || total
-------------------------+-------+-------+-------++-------
Melee: Unarmed           |    18 |     7 |       ||    25
       Dagger            |       |     9 |       ||     9
       Club              |       |    23 |    89 ||   112
       Punch             |       |       |     1 ||     1
Throw: Dart              |    14 |     3 |       ||    17
 Cast: Sandblast         |    45 |    43 |    52 ||   140
  Use: Scroll            |       |     5 |     8 ||    13
 Stab: Distracted        |       |     1 |     2 ||     3
Armor: Robe              |    11 |    15 |    63 ||    89
Dodge: Dodged            |    12 |    30 |    75 ||   117

Table legend: (Time is in decaauts)
 A = Elapsed time spent in this place.
 B = Non-inter-level travel time spent in this place.
 C = Inter-level travel time spent in this place.
 D = Time resting spent in this place.
 E = Time spent auto-exploring this place.
 F = Levels seen in this place.
 G = Mean time per level.
                   A        B        C        D        E       F      G
               +--------+--------+--------+--------+--------+-----+--------+
         Total |   5906 |   5768 |    138 |   1914 |   2777 |   5 | 1181.2 |
       Dungeon |   5906 |   5768 |    138 |   1914 |   2777 |   5 | 1181.2 |
               +--------+--------+--------+--------+--------+-----+--------+

Top non-repeatable levels by time:
     D:4: 2248 daAuts
     D:3: 1300 daAuts
     D:2: 1058 daAuts
     D:5: 705 daAuts
     D:1: 593 daAuts
